cohdb
Replays
Latest Replays
All Replays
Popular Replays
Top Player Replays
Match Explorer
How It Works
Community
CoH3 Stats
Reddit
Sign in to upload your games and track your stats! →
Sign in with Steam
Match 40021981
Unlisted
Match 40021981
Overview
Messages
Build Orders
End
Selects Italian Coastal Battlegroup
Selects Coastal Reserves
Coastal Reserve
Construct Infanterie Kompanie
Coastal Reserve
MG 42 Machine Gun Team
Construct Panzergrenadier Kompanie
GrW 34 Mortar Team
Grenadier Squad
Pioneer Squad
Selects Support Bunkers
Medical Bunker
Construct Panzer Kompanie
Stoßtruppen Squad
Selects Rapid Fortifications
Panzer Officer Quarters
Sturmpanzer IV Brummbär
Selects Artillery Officer
Rapid Fortifications
Side Skirts
MG 42 Bunker
Selects Coastal Wall
Rapid Fortifications
MG 42 Bunker
Panzer IV Medium Tank
MG 42 Bunker
MG 42 Bunker
Selects Bulwark
MG 42 Bunker
Panzer IV Medium Tank
Rapid Fortifications
Pioneer Squad
MG 42 Bunker
Infanterie Officer Quarters
Boxes
书院三师姐
旧时光
象棋大师
GEST1120
Bananenratte
蛤,你说蛤?
Yngvi
0
0
Comments
sign in to comment!
No comments posted yet!